 Dungeon Crawl Stone Soup version 0.22.1-2-g9c5b331 (webtiles) character file.

16 tidbits the Caller (level 2, -3/20 HPs)
             Began as a Gnoll Summoner on Dec 5, 2018.
             Slain by a bullfrog (8 damage)
             ... on level 2 of the Dungeon.
             The game lasted 00:01:37 (168 turns).

tidbits the Caller (Gnoll Summoner)                  Turns: 168, Time: 00:01:37

Health: -3/20      AC:  2    Str: 10    XL:     2   Next: 58%
Magic:  3/7        EV: 14    Int: 17    God:
Gold:   16         SH:  0    Dex: 15    Spells: 7/10 levels left

rFire    . . .     SeeInvis .   a - +0 short sword
rCold    . . .     Gourm    .   (no shield)
rNeg     . . .     Faith    .   d - +0 robe
rPois    .         Spirit   .   (no helmet)
rElec    .         Reflect  .   (no cloak)
rCorr    .         Harm     .   (no gloves)
MR       .....                  (no boots)
Stlth    +++.......             (no amulet)
HPRegen  0.06/turn              (no ring)
MPRegen  0.10/turn              (no ring)

@: no status effects
A: distributed training, fangs 1, strong nose
a: no special abilities


You were on level 2 of the Dungeon.
You were not hungry.

You visited 1 branch of the dungeon, and saw 2 of its levels.

You collected 16 gold pieces.

Inventory:

Hand Weapons
 a - a +0 short sword (weapon)
 g - a +0 whip
Missiles
 f - 7 sling bullets
Armour
 d - a +0 robe (worn)
Scrolls
 b - a scroll of identify {unknown}
 e - a scroll of remove curse {unknown}
 h - a scroll of amnesia {unknown}
Comestibles
 c - a ration


   Skills:
 + Level 0.4 Fighting
 + Level 0.4 Short Blades
 + Level 0.4 Long Blades
 + Level 0.4 Axes
 + Level 0.4 Maces & Flails
 + Level 0.4 Polearms
 + Level 0.4 Staves
 + Level 0.4 Slings
 + Level 0.4 Bows
 + Level 0.4 Crossbows
 + Level 0.4 Throwing
 + Level 0.4 Armour
 + Level 4.5 Dodging
 + Level 4.1 Stealth
 + Level 0.4 Shields
 + Level 0.4 Unarmed Combat
 + Level 4.9 Spellcasting
 + Level 0.2 Conjurations
 + Level 0.2 Hexes
 + Level 0.2 Charms
 + Level 7.0 Summonings
 + Level 0.2 Necromancy
 + Level 0.2 Translocations
 + Level 0.2 Transmutations
 + Level 0.2 Fire Magic
 + Level 0.2 Ice Magic
 + Level 0.2 Air Magic
 + Level 0.2 Earth Magic
 + Level 0.2 Poison Magic
 + Level 0.5 Invocations
 + Level 0.4 Evocations


You had 7 spell levels left.
You knew the following spells:

 Your Spells              Type           Power        Failure   Level  Hunger
a - Summon Small Mammal   Summ           ####         1%          1    None
i - Call Imp              Summ           ####....     1%          2    #......

Your spell library contained the following spells:

 Spells                   Type           Power        Failure   Level  Hunger
 Call Canine Familiar     Summ           ####....     2%          3    ###....
 Summon Guardian Golem    Hex/Summ       ###.....     10%         3    ###....
 Summon Ice Beast         Ice/Summ       ###.....     30%         4    ####...
 Summon Lightning Spire   Summ/Air       ###.....     30%         4    ####...


Dungeon Overview and Level Annotations

Branches:
Dungeon (2/15)

Altars:
Makhleb
The Shining One


Innate Abilities, Weirdness & Mutations

Your experience applies equally to all skills.
You have very sharp teeth.
Your uncanny sense of smell can sniff out nearby items.


Message History

t - Bark!
Orders for allies: a - Attack new target. r - Retreat! s - Stop attacking. g - Guard the area. f - Follow me.
Anything else - Cancel.
Gang up on whom?
Press: ? - help, Dir - move target cursor, f - worm
Aim: a worm (lightly wounded) Attack!
Your shadow imp hits the worm.
The worm bites your shadow imp!
Your shadow imp gestures at the worm.
The worm writhes in agony!
The worm bites your shadow imp.
Your shadow imp dies!
Casting: Call Imp (safe; 1% risk of failure)
Confirm with . or Enter, or press ? or * to list all spells.
Your bat hits the worm. The worm misses your bat.
Casting: Summon Small Mammal (safe; 1% risk of failure)
Confirm with . or Enter, or press ? or * to list all spells.
A beastly little devil appears in a puff of frigid air.
Your bat hits the worm.
Your bat hits the worm but does no damage.
Your bat hits the worm but does no damage.
Your bat hits the worm.
You swap places.
Your bat hits the worm but does no damage. x2
Your bat hits the worm. The worm bites your bat!
Your bat dies!
Your bat's corpse disappears in a puff of smoke!
Your white imp gestures at the worm.
The puff of frost hits the worm.
What are your orders? t - Bark!
Orders for allies: a - Attack new target. p - Attack previous target. r - Retreat! s - Stop attacking. g - Guard the area. f - Follow me.
Anything else - Cancel.
Gang up on whom?
Press: ? - help, Dir - move target cursor, f/p - worm
Aim: a worm (almost dead) Attack!
What are your orders? t - Bark!
Orders for allies: a - Attack new target. p - Attack previous target. r - Retreat! s - Stop attacking. g - Guard the area. f - Follow me.
Anything else - Cancel.
Gang up on whom?
Press: ? - help, Dir - move target cursor, f/p - worm
Aim: a worm (almost dead) Attack!
Your white imp gestures at the worm.
The puff of frost hits the worm.
The worm dies!
You swap places.
You see here a worm corpse.
Found a glowing golden altar of the Shining One.
You swap places.
Found 7 gold pieces and a scroll labeled ADIENE YDOROEH.
A bat comes into view.
You see here 7 gold pieces.
Unknown command.
You now have 16 gold pieces (gained 7).
What are your orders? t - Bark!
Orders for allies: a - Attack new target. r - Retreat! s - Stop attacking. g - Guard the area. f - Follow me.
Anything else - Cancel.
Gang up on whom?
Press: ? - help, Dir - move target cursor, f - bat
Aim: a bat Attack!
Your white imp misses the bat.
The bat hits you.
You miss the bat. The bat closely misses you.
The bat hits your white imp but does no damage.
The bat misses you.
Your white imp misses the bat.
You hit the bat.
You kill the bat!
You see here a bat corpse.
You see here a scroll labeled ADIENE YDOROEH.
h - a scroll labeled ADIENE YDOROEH A bullfrog comes into view.
Casting: Call Imp (safe; 1% risk of failure)
Confirm with . or Enter, or press ? or * to list all spells.
Your white imp disappears in a puff of smoke!
The bullfrog closely misses you. x2
Your rat completely misses the bullfrog.
Casting: Summon Small Mammal (safe; 1% risk of failure)
Confirm with . or Enter, or press ? or * to list all spells.
A beastly little devil appears in a puff of flame.
The bullfrog misses you.
Your rat bites the bullfrog.
Unknown command.
Casting: Call Imp (safe; 1% risk of failure)
Confirm with . or Enter, or press ? or * to list all spells.
The bullfrog hits you!
* * * LOW HITPOINT WARNING * * *
The bullfrog misses you.
Your crimson imp hits the bullfrog.
Your rat barely misses the bullfrog.
The bullfrog hits you!
You die...

###.#######.#.# #.#
##.# ##.# #.#
######.#.#######.###
......###..........#
.......#.......†.#.#
.#####..#######..#.#
.# .## #r.# # .# .#
#.@# .# .# #Fr# ∆ .#
.# .5... .# .#
#.#..#. .g ..##..#..
.# ..# #..# ## ...
#..# .. ∆...#


You could see a bullfrog, a friendly crimson imp, a friendly quokka and a
friendly rat.

Vanquished Creatures
  A bat (D:2)
1 creature vanquished.

Vanquished Creatures (collateral kills)
  Natasha (D:2)
  A worm (D:2)
  A bat (D:1)
  A frilled lizard (D:1)
4 creatures vanquished.

Grand Total: 5 creatures vanquished

Notes
Turn   | Place    | Note
-------+----------+-------------------------------------------
     0 | D:1      | tidbits the Gnoll Summoner began the quest for the Orb.
     0 | D:1      | Reached XP level 1. HP: 13/13 MP: 6/6
    49 | D:2      | Found a burning altar of Makhleb.
    49 | D:2      | Noticed Natasha
    60 | D:2      | Killed Natasha
    60 | D:2      | Reached XP level 2. HP: 6/20 MP: 2/7
    64 | D:2      | Learned a level 2 spell: Call Imp
   147 | D:2      | Found a glowing golden altar of the Shining One.
   163 | D:2      | Noticed a bullfrog
   168 | D:2      | Slain by a bullfrog

Action                   || total
-------------------------++-------
Melee: Short sword       ||     3
 Cast: Summon Small Mamm ||    12
       Call Imp          ||     3
 Stab: Sleeping          ||     1
Dodge: Dodged            ||     6

Table legend:
 A = Turns spent in this place as a percentage of turns spent in the entire game.
 B = Non-inter-level travel turns spent in this place as a percentage of non-inter-level travel turns spent in the entire game.
 C = Inter-level travel turns spent in this place as a percentage of turns spent in this place.
 D = Turns resting spent in this place as a percentage of non-inter-level travel turns spent in this place.
 E = Turns spent auto-exploring this place as a percentage of non-inter-level travel turns spent in this place.
 F = Non-inter-level travel turns spent in this place divided by the number of levels of this place that you've seen.
                   A       B       C       D       E      F
               +-------+-------+-------+-------+-------+----------------------
         Total | 100.0 | 100.0 |   0.0 |   0.0 |   0.0 |  84.0
       Dungeon | 100.0 | 100.0 |   0.0 |   0.0 |   0.0 |  84.0
               +-------+-------+-------+-------+-------+----------------------

Table legend:
 A = Kills in this place as a percentage of kills in entire the game.
 B = Kills by you in this place as a percentage of kills by you in the entire game.
 C = Kills by friends in this place as a percentage of kills by friends in the entire game.
 D = Other kills in this place as a percentage of other kills in the entire game.
 E = Experience gained in this place as a percentage of experience gained in the entire game.
 F = Experience gained in this place divided by the number of levels of this place that you have seen.
                   A       B       C       D       E      F
               +-------+-------+-------+-------+-------+----------------------
         Total | 100.0 | 100.0 | 100.0 |   N/A | 100.0 |  12.0
       Dungeon | 100.0 | 100.0 | 100.0 |   N/A | 100.0 |  12.0
               +-------+-------+-------+-------+-------+----------------------

Vault maps used:
D:1:      minmay_arrival_four_circles, serial_bayou_lagoon_a,
          hangedman_decor_opposing, st_stairs_11
D:2:      bloody_makhleb, nicolae_overflow_crystal_walls, uniq_natasha
